 Dungeon Crawl Stone Soup version 0.31-a0-1370-gf52a5a9ab3 (webtiles) character file.

Game seed: 3032234850039082197

21 grandjackal the Trooper (level 2, -1/31 HPs)
             Began as an Oni Warper on Dec 24, 2023.
             Slain by a hound (3 damage)
             ... on level 1 of the Dungeon.
             The game lasted 00:00:58 (897 turns).

grandjackal the Trooper (Oni Warper)                 Turns: 897, Time: 00:00:59

Health: -1/31      AC:  3    Str: 14    XL:     2   Next: 83%
Magic:  5/5        EV:  9    Int: 20    God:
Gold:   36         SH:  0    Dex:  8    Spells: 5/5 levels left

rFire   . . .        a - +0 mace
rCold   . . .        (no shield)
rNeg    . . .        b - +0 robe
rPois   .            (helmet restricted)
rElec   .            (no cloak)
rCorr   .            (gloves unavailable)
SInv    .            (boots unavailable)
Will    .....        (no amulet)
Stlth   +            g - +6 ring of intelligence
HPRegen 0.25/turn    (no ring)
MPRegen 0.09/turn

%: no passive effects
@: no status effects
A: large, unfitting armour, horns 1, tough skin 1, double potion healing,
drunken brawling
a: no special abilities


You were on level 1 of the Dungeon.
You visited 1 branch of the dungeon, and saw 2 of its levels.

You collected 75 gold pieces.
You spent 39 gold pieces at shops.

Inventory:

Hand Weapons
 a - a +0 mace (weapon)
Missiles
 d - 7 darts of dispersal (quivered)
Armour
 b - a +0 robe (worn)
Jewellery
 g - a +6 ring of intelligence (left hand)
Scrolls
 c - a scroll of blinking
 f - a scroll of identify {unknown}
 h - a scroll of immolation {unknown}
Potions
 e - a potion of degeneration {unknown}
 i - a potion of might {unknown}
 j - a potion of curing


   Skills:
 + Level 3.3 Fighting
 + Level 2.4 Maces & Flails
 - Level 1.0 Throwing
 - Level 2.1 Dodging
 - Level 2.4 Spellcasting
 + Level 3.0 Translocations


You had 5 spell levels left.
You didn't know any spells.
Your spell library contained the following spells:

 Spells                   Type           Power      Damage    Failure   Level
 Blink                    Tloc           28%        N/A       7%          2
 Lesser Beckoning         Tloc           28%        N/A       7%          2
 Teleport Other           Tloc           14%        N/A       13%         3
 Manifold Assault         Tloc           14%        N/A       41%         4
 Vhi's Electric Charge    Tloc/Air       16%        N/A       63%         4


Dungeon Overview and Level Annotations

Branches:
Dungeon (2/15)

Altars:

Shops:
D:1 !


Innate Abilities, Weirdness & Mutations

You are too large for most types of armour.
You have a pair of small horns on your head.
You have tough skin. (AC +1)
You gain doubled healing and magic from potions.
Whenever you drink a healing potion, you attack all around you.


Message History

You miss the hound.
The hound is lightly wounded.
The hound barely misses you. The hound bites you.
You hit the hound.
The hound is moderately wounded.
The hound bites you. The hound completely misses you.
You barely miss the hound.
The hound is moderately wounded.
The hound bites you. x2
You are too injured to fight recklessly!
You are too injured to fight recklessly!
You are too injured to fight recklessly!
You miss the hound.
The hound is lightly wounded.
The hound bites you. The hound barely misses you.
You hit the hound.
The hound is heavily wounded.
The hound bites you.
* * * LOW HITPOINT WARNING * * *
The hound barely misses you.
You barely miss the hound.
The hound is heavily wounded.
The hound bites you.
* * * LOW HITPOINT WARNING * * *
You hit the hound but do no damage.
The hound is heavily wounded.
The hound barely misses you. x2
You closely miss the hound. You headbutt the hound.
The hound is almost dead.
The hound bites you.
* * * LOW HITPOINT WARNING * * *
The hound closely misses you.
You closely miss the hound.
The hound is almost dead.
The hound barely misses you. The hound bites you.
* * * LOW HITPOINT WARNING * * *
You barely miss the hound. Your headbutt misses the hound.
The hound is almost dead.
The hound barely misses you. The hound bites you.
You die...

##### #####.## #.##.##.........##
## #......###.##.##.........## .#
#........#.##.#########.###
.######......#.#.#..............†
..........####.#.......##########
..........# #.#.#.....# ##......
..........# #.#.#..#..###.......
..........# ##...#..#.....#.#####
..........# #..h@...#.###.#.# #
..........# #.#.###.#.# #.#.### #
..........###.#.###.#.# #.....# #
#.....................# ###.#.###
#.............#.###.#.# ##.#....
######....##..#.# #.#.# #.....##
######........#.# #...####..#....
##..............# #.#............
##.##.....##..#####.######.......


You could see a hound.

Vanquished Creatures
  2 ball pythons (D:1)
  An endoplasm (D:1)
  A giant cockroach (D:1)
  2 goblins (D:1)
  3 hobgoblins (D:1)
  4 kobolds (D:1)
  2 quokkas (D:1)
  A bat (D:1)
  A frilled lizard (D:1)
  A rat (D:1)
18 creatures vanquished.

Notes
Turn   | Place    | Note
-------+----------+-------------------------------------------
     0 | D:1      | grandjackal the Oni Warper began the quest for the Orb.
     0 | D:1      | Reached XP level 1. HP: 22/22 MP: 3/3
   229 | D:1      | Reached XP level 2. HP: 31/31 MP: 5/5
   400 | D:1      | Found Miast's Distillery.
   718 | D:1      | You fall into a shaft and drop 1 floor!
   854 | D:1      | Bought a potion of curing for 39 gold pieces
   897 | D:1      | Slain by a hound

Illustrated notes

Levels and vault maps discovered:
D:1:      amcnicky_arrival_underground_garden, layout_basic, serial_shops, shop
D:2:      layout_rooms, basic_altar, minmay_misc_feat_alley, patterned_corridor

Skill      XL: |  1  2 |
---------------+-------+-----
Fighting       | 3 |  3.3
Translocations | 3 |  3.0
Maces & Flails | |  2.4
Throwing       | |  1.0
Dodging        | |  2.1
Spellcasting   | |  2.4

Action                     || total
---------------------------++-------
  Melee: Mace              ||    56
         Headbutt          ||     8
 Armour: Robe              ||    48
  Dodge: Dodged            ||    35

Table legend: (Time is in decaauts)
 A = Elapsed time spent in this place.
 B = Non-inter-level travel time spent in this place.
 C = Inter-level travel time spent in this place.
 D = Time resting spent in this place.
 E = Time spent auto-exploring this place.
 F = Levels seen in this place.
 G = Mean time per level.
                   A        B        C        D        E       F      G
               +--------+--------+--------+--------+--------+-----+--------+
         Total |    912 |    851 |     61 |    124 |    563 |   2 |  456.0 |
       Dungeon |    912 |    851 |     61 |    124 |    563 |   2 |  456.0 |
               +--------+--------+--------+--------+--------+-----+--------+

Top non-repeatable levels by time:
     D:1: 894 daAuts
     D:2: 18 daAuts
